 Dungeon Crawl Stone Soup version 0.27-a0-343-gfcad680f63 (webtiles) character file.

Game seed: 16930886445391392010

2772 skwiii the Ogre Mage (level 9, -2/88 HPs)
             Began as an Ogre Venom Mage on Feb 15, 2021.
             Was a Follower of Vehumet.
             Slain by a black mamba (12 damage)
             ... on level 8 of the Dungeon.
             The game lasted 00:47:57 (15430 turns).

skwiii the Ogre Mage (Ogre Venom Mage)             Turns: 15430, Time: 00:47:58

Health: -2/88      AC:  4    Str: 14    XL:     9   Next: 70%
Magic:  16/20      EV: 19    Int: 18    God:    Vehumet [*.....]
Gold:   15         SH:  0    Dex: 10    Spells: 6/23 levels left

rFire    . . .     SeeInvis .   f - +0 mace (protect)
rCold    . . .     Faith    .   (no shield)
rNeg     . . .     Spirit   .   a - +1 robe
rPois    .         Reflect  .   (helmet restricted)
rElec    .         Harm     .   (no cloak)
rCorr    .         Rampage  .   (gloves unavailable)
Will     .....                  (boots unavailable)
Stlth    ++........             (no amulet)
HPRegen  0.24/turn              c - +4 ring of evasion
MPRegen  0.17/turn              J - +4 ring of evasion

@: no status effects
A: large, unfitting armour, tough skin 1
a: Renounce Religion


You were on level 8 of the Dungeon.
You worshipped Vehumet.
Vehumet was aware of your devotion.
You visited 3 branches of the dungeon, and saw 10 of its levels.

You collected 483 gold pieces.
You spent 468 gold pieces at shops.

Inventory:

Hand Weapons
 f - a +0 mace of protection (weapon)
 o - a +2 dagger of chaos
 p - a +0 mace
 E - a +2 short sword of protection
Armour
 a - a +1 robe (worn)
 s - a +2 buckler of cold resistance
 w - +0 fire dragon scales
Jewellery
 c - a +4 ring of evasion (left hand)
 v - a +6 ring of intelligence {unknown}
 H - an amulet of the acrobat {unknown}
 J - a +4 ring of evasion (right hand)
Wands
 d - a wand of iceblast (9)
 G - a wand of digging (7)
Scrolls
 b - 3 scrolls of identify
 g - a scroll of holy word {unknown}
 j - 2 scrolls of immolation {unknown}
 k - a scroll of amnesia
 m - 2 scrolls of magic mapping
 t - 3 scrolls of random uselessness {unknown}
 u - 3 scrolls of noise
 B - a scroll of enchant armour
 F - a scroll of enchant weapon {unknown}
 I - a scroll of blinking {unknown}
Potions
 e - a potion of haste {unknown}
 h - a potion of attraction
 i - a potion of mutation {unknown}
 l - a potion of might {unknown}
 n - a potion of ambrosia {unknown}
 q - a potion of magic {unknown}
 r - a potion of flight {unknown}
 z - a potion of degeneration {unknown}
 A - a potion of cancellation
 C - a potion of brilliance {unknown}
 D - a potion of resistance {unknown}


   Skills:
 + Level 5.3 Fighting
 + Level 2.2 Maces & Flails
 + Level 4.7 Dodging
 - Level 1.4 Stealth
 + Level 7.6 Spellcasting
 + Level 1.9 Conjurations
 - Level 4.2 Transmutations
 + Level 1.0 Fire Magic
 + Level 2.1 Air Magic
 - Level 6.1 Poison Magic


You had 6 spell levels left.
You knew the following spells:

 Your Spells              Type           Power        Failure   Level
a - Sting                 Tmut/Pois      100%         1%          1
b - Poisonous Vapours     Pois/Air       42%          2%          2
c - Ignite Poison         Fire/Tmut/Pois 20%          6%          3
d - Olgreb's Toxic Radia  Pois           29%          8%          4
e - Mephitic Cloud        Conj/Pois/Air  19%          8%          3
f - Dazzling Flash        Conj/Hex       20%          21%         3
g - Magic Dart            Conj           52%          4%          1

Your spell library contained the following spells:

 Spells                   Type           Power        Failure   Level
 Beastly Appendage        Tmut           44%          1%          1
 Wereblood                Tmut           22%          2%          2
 Spider Form              Tmut/Pois      12%          3%          3
 Corona                   Hex            6%           11%         1
 Ensorcelled Hibernation  Hex/Ice        12%          16%         2
 Confusing Touch          Hex            6%           30%         3
 Tukima's Dance           Hex            6%           30%         3
 Ice Form                 Ice/Tmut       14%          38%         4
 Blade Hands              Tmut           11%          45%         5


Dungeon Overview and Level Annotations

Branches:
Dungeon (8/15)             Temple (1/1) D:6            Lair (1/6) D:8

Altars:
Cheibriados
Dithmenos
Kikubaaqudgha
Makhleb
Nemelex Xobeh
Sif Muna
Vehumet
Xom
Yredelemnul
The Shining One

Shops:
D:8 =


Innate Abilities, Weirdness & Mutations

You are too large for most types of armour.
You have tough skin. (AC +1)


Message History

You are poisoned.
The black mamba poisons you!
You feel sick. The black mamba misses you.
You feel sick. The black mamba completely misses you.
You feel better. The black mamba completely misses you.
Casting: Olgreb's Toxic Radiance (dangerous; 8% risk of failure)
Confirm with . or Enter, or press ? or * to list all spells.
The black mamba is dazzled.
The black mamba misses you. The black mamba closely misses you.
The black mamba barely misses you. The black mamba barely misses you.
Casting: Dazzling Flash (dangerous; 21% risk of failure)
Confirm with . or Enter, or press ? or * to list all spells.
Okay, then.
Casting: Dazzling Flash (dangerous; 21% risk of failure)
Confirm with . or Enter, or press ? or * to list all spells.
Aiming: Magic Dart (safe; 4% risk of failure)
Press: ? - help, Shift-Dir - straight line, f - black mamba
Aim: a black mamba (blind, 0% to evade)
The magic dart hits the black mamba.
The black mamba is lightly wounded.
The black mamba closely misses you. The black mamba bites you!
* * * LOW HITPOINT WARNING * * *
Casting: Magic Dart (safe; 4% risk of failure)
Confirm with . or Enter, or press ? or * to list all spells.
Aiming: Magic Dart (safe; 4% risk of failure)
Press: ? - help, Shift-Dir - straight line, f/p - black mamba
Aim: a black mamba (lightly wounded, blind, 0% to evade)
The magic dart hits the black mamba.
The black mamba is lightly wounded.
The black mamba bites you but does no damage.
The black mamba misses you. The black mamba misses you.
The black mamba is no longer blind.
The black mamba completely misses you. The black mamba barely misses you.
The black mamba bites you.
* * * LOW HITPOINT WARNING * * *
The black mamba barely misses you. The black mamba bites you!
You die...

#########....##...#
#.........#
.............##...#
#####'#####
########.#+#.##...#######.#
.....# #...#^##...........#
.....# ##..#..<<...########
.....# #..#...#...# .....#
##.#...+...#
##########.#...##..#
#.......##.#...S@..#
#.......##....###.#####
#.......##............#
#.......##............#
#..........#..........#
###........#..........# #
#........#.......∩..# #
#........#..........#
###........#..........#


You could see a black mamba.

Vanquished Creatures
  Pikel (D:6)
  A wyvern (D:8)
  2 orc warriors
  2 sky beasts
  A hornet zombie (D:7)
  2 ice beasts
  2 ogres
  A centaur (D:8)
  A phantom (D:5)
  A bullfrog (D:8)
  A wyvern skeleton (D:4)
  2 scorpions
  3 killer bees (D:8)
  A wight (D:7)
  2 crimson imps
  5 orc priests
  5 orc wizards
  6 iguanas
  2 worker ants
  Terence (D:3)
  A howler monkey zombie (D:5)
  9 adders
  3 shadow imps
  4 white imps
  An ufetubus (D:7)
  An ooze (D:1)
  An adder zombie (D:6)
  4 worms
  6 dart slugs
  8 leopard geckos
  15 orcs
  8 giant cockroaches
  A goblin (D:1)
  7 hobgoblins
  9 jackals
  6 quokkas
  2 ball pythons
  8 bats
  6 frilled lizards
  2 goblin skeletons (D:6)
  2 goblin zombies (D:6)
  2 hobgoblin zombies (D:6)
  5 kobolds
  2 kobold skeletons (D:6)
  A leopard gecko skeleton (D:6)
  A leopard gecko zombie (D:5)
  An orc skeleton (D:6)
  9 rats
  A butterfly (D:6)
168 creatures vanquished.

Notes
Turn   | Place    | Note
-------+----------+-------------------------------------------
     0 | D:1      | skwiii the Ogre Venom Mage began the quest for the Orb.
     0 | D:1      | Reached XP level 1. HP: 16/16 MP: 3/3
   215 | D:1      | Reached skill level 1 in Transmutations
   382 | D:1      | Reached XP level 2. HP: 24/24 MP: 3/5
   505 | D:1      | Learned a level 2 spell: Poisonous Vapours
  1666 | D:2      | Reached skill level 3 in Spellcasting
  1666 | D:2      | Reached XP level 3. HP: 15/31 MP: 0/7
  2731 | D:2      | Reached XP level 4. HP: 39/39 MP: 3/9
  4178 | D:3      | Noticed a phantom
  4406 | D:3      | Reached XP level 5. HP: 36/45 MP: 1/10
  4861 | D:3      | Noticed Terence
  4870 | D:3      | Killed Terence
  4871 | D:3      | Reached skill level 4 in Spellcasting
  5831 | D:3      | Found a shimmering blue altar of Sif Muna.
  6578 | D:4      | Reached XP level 6. HP: 39/53 MP: 5/12
  7510 | D:4      | Reached skill level 1 in Fighting
  8046 | D:5      | Entered Level 5 of the Dungeon
  8054 | D:5      | Noticed a sky beast
  8070 | D:5      | Killed a sky beast
  8071 | D:5      | Reached skill level 5 in Spellcasting
  8071 | D:5      | Reached XP level 7. HP: 37/62 MP: 1/14
  8930 | D:5      | Reached skill level 5 in Poison Magic
  9689 | D:5      | Found a shimmering altar of Xom.
  9689 | D:5      | Found a burning altar of Makhleb.
  9991 | D:6      | Reached XP level 8. HP: 64/74 MP: 7/16
  9997 | D:6      | Found a staircase to the Ecumenical Temple.
 10005 | Temple   | Entered the Ecumenical Temple
 10070 | Temple   | Became a worshipper of Vehumet
 10095 | D:6      | Reached skill level 6 in Spellcasting
 10223 | D:6      | Noticed Pikel
 10229 | D:6      | Killed Pikel
 10376 | D:6      | Found a glowing golden altar of the Shining One.
 11270 | D:6      | HP: 1/78 [ice beast (10)]
 11378 | D:6      | Reached skill level 7 in Spellcasting
 11898 | D:7      | Reached XP level 9. HP: 84/84 MP: 15/19
 12403 | D:6      | Learned a level 3 spell: Ignite Poison
 12408 | D:6      | Learned a level 4 spell: Olgreb's Toxic Radiance
 12412 | D:6      | Learned a level 3 spell: Mephitic Cloud
 12416 | D:6      | Learned a level 3 spell: Dazzling Flash
 12448 | D:7      | Reached * piety under Vehumet
 12448 | D:7      | Offered knowledge of Magic Dart by Vehumet.
 12449 | D:7      | Reached skill level 1 in Maces & Flails
 12843 | D:7      | Reached skill level 1 in Air Magic
 13545 | D:7      | Reached skill level 1 in Conjurations
 14046 | D:8      | Found Baowie's Jewellery Shoppe.
 14075 | D:8      | Reached skill level 5 in Fighting
 14563 | D:8      | Reached skill level 1 in Fire Magic
 14738 | D:8      | Found a staircase to the Lair.
 15281 | Lair:1   | Entered Level 1 of the Lair of Beasts
 15325 | D:8      | Bought a +4 ring of evasion for 468 gold pieces
 15361 | D:8      | Learned a level 1 spell: Magic Dart
 15382 | Lair:1   | Noticed a black mamba
 15395 | Lair:1   | Noticed a five-headed hydra
 15430 | D:8      | Slain by a black mamba

Illustrated notes

Levels and vault maps discovered:
D:1:      nzn_arrival_water_spiral, layout_basic, minmay_3d_cube
D:2:      layout_basic, chequers_arboretum, chequers_serial_rivers_micro_b,
          minmay_between
D:3:      kennysheep_slugbush, layout_basic, lemuel_blue_sif_altar, uniq_terence
D:4:      minmay_clustersquares, layout_basic
D:5:      layout_loops_ring, grunt_temple_overflow_champion_of_chaos
D:6:      layout_rooms, minmay_temple_entry_butterflies,
          nicolae_tso_besieged_by_evil, uniq_pikel
D:7:      layout_loops_cross, nzn_random_ring
D:8:      layout_basic, lair_entry_dummy, serial_shops, shop
Temple:   eino_temple_scatter_basement
Lair:1:   layout_roguey, special_room [special_room_bee], lemuel_fruit_tree

Skill      XL: |  1  2  3  4  5  6  7  8  9 |
---------------+----------------------------+-----
Transmutations | 1 2 3 4 |  4.2
Poison Magic   | 3 4 5 6 |  6.1
Dodging        | 2 3 4 |  4.7
Spellcasting   | 3 4 5 7 |  7.6
Fighting       | 1 2 4 5 |  5.3
Maces & Flails | 2 |  2.2
Air Magic      | 2 |  2.1
Conjurations   | 1 |  1.9
Fire Magic     | 1 |  1.0
Stealth        | |  1.4

Action                   |  1- 3 |  4- 6 |  7- 9 || total
-------------------------+-------+-------+-------++-------
Melee: Unarmed           |       |    20 |       ||    20
       Mace              |       |    33 |   191 ||   224
 Cast: Sting             |    43 |    59 |    57 ||   159
       Poisonous Vapours |    11 |    72 |    89 ||   172
       Ignite Poison     |       |       |     5 ||     5
       Magic Dart        |       |       |     3 ||     3
       Olgreb's Toxic Ra |       |       |     2 ||     2
       Dazzling Flash    |       |       |     1 ||     1
  Use: Scroll            |     1 |     3 |     9 ||    13
       Potion            |       |     4 |    11 ||    15
Armor: Robe              |    10 |    27 |    61 ||    98
       Skin              |       |       |    23 ||    23
Dodge: Dodged            |    25 |   104 |   242 ||   371

Table legend: (Time is in decaauts)
 A = Elapsed time spent in this place.
 B = Non-inter-level travel time spent in this place.
 C = Inter-level travel time spent in this place.
 D = Time resting spent in this place.
 E = Time spent auto-exploring this place.
 F = Levels seen in this place.
 G = Mean time per level.
                   A        B        C        D        E       F      G
               +--------+--------+--------+--------+--------+-----+--------+
         Total |  15551 |  15179 |    372 |   6380 |   4838 |  10 | 1555.1 |
       Dungeon |  15424 |  15052 |    372 |   6380 |   4798 |   8 | 1928.0 |
        Temple |     78 |     78 |      0 |      0 |     40 |   1 |   78.0 |
          Lair |     48 |     48 |      0 |      0 |      0 |   1 |   48.0 |
               +--------+--------+--------+--------+--------+-----+--------+

Top non-repeatable levels by time:
     D:2: 2730 daAuts
     D:5: 2059 daAuts
     D:4: 2044 daAuts
     D:6: 1803 daAuts
     D:3: 1794 daAuts
     D:7: 1733 daAuts
     D:1: 1636 daAuts
     D:8: 1623 daAuts
  Temple: 78 daAuts
  Lair:1: 48 daAuts
